[Event "Chessable Masters - Torneo preliminare"]
[White "Huschenbeth, Niclas"]
[Black "Harikrishna, Pentala"]
[WhiteFideId "24604747"]
[BlackFideId "5007003"]
[WhiteElo "2566"]
[BlackElo "2627"]
[Result "0-1"]
[Round "4"]
[TimeControl "600+2"]
[Date "2023.03.13"]
[WhiteClock "0:00:03"]
[BlackClock "0:00:33"]

1. e4 c5 2. Nf3 e6 3. d4 cxd4 4. Nxd4 Nc6 5. Nc3 Qc7 6. Be3 a6 7. Bd3 Nf6 8. O-O Ne5 9. Be2 Nc4 10. Bxc4 Qxc4 11. f4 h5 12. h3 b5 13. e5 Nd5 14. Nxd5 Qxd5 15. Qe2 Bb7 16. Rad1 Qe4 17. Qf2 Bc5 18. f5 O-O 19. Rde1 Bxd4 20. Bxd4 Qxf5 21. Qxf5 exf5 22. Rxf5 Rac8 23. c3 g6 24. Rf6 Rc6 25. Rd6 Bc8 26. a4 Re8 27. Rxc6 dxc6 28. Kf2 Rd8 29. Ke3 bxa4 30. Ra1 Bd7 31. Bc5 Bf5 32. Rxa4 Rd5 33. Bd6 a5 34. g4 Bc2 35. Rc4 Rd3+ 36. Kf4 f6 37. g5 fxe5+ 38. Bxe5 Rxh3 39. Rxc6 Rh4+ 40. Kg3 Rg4+ 41. Kh2 Rxg5 42. Bd4 a4 43. Rc7 Kf8 44. c4 Rg4 45. Bc3 Ke8 0-1


[Site "Internet"]

[Event "Chessable Masters - Torneo preliminare"]
[White "Raja, Harshit"]
[Black "Larino Nieto, David"]
[WhiteFideId "5089000"]
[BlackFideId "2256444"]
[WhiteElo "2361"]
[BlackElo "2496"]
[Result "1-0"]
[Round "4"]
[TimeControl "600+2"]
[Date "2023.03.13"]
[WhiteClock "0:01:20"]
[BlackClock "0:00:03"]

1. e4 c6 2. Nf3 d5 3. Nc3 g6 4. d4 Bg7 5. Bd3 dxe4 6. Nxe4 Nf6 7. O-O O-O 8. Re1 Bg4 9. Nxf6+ exf6 10. h3 Be6 11. c4 Na6 12. Be3 Re8 13. Rc1 Re7 14. Qb3 Rd7 15. Be4 Qa5 16. Red1 Rad8 17. d5 cxd5 18. cxd5 Bf5 19. Bxf5 gxf5 20. Nh4 Bf8 21. Nxf5 Rxd5 22. Rxd5 Rxd5 23. Nh6+ Kg7 24. Qxb7 Nc7 25. Nxf7 Rd7 26. Nd8 Bd6 27. Ne6+ Kf7 28. Nxc7 Bxc7 29. Qb3+ Kg7 30. Qe6 Qb5 31. b3 Qd3 32. g3 Be5 33. Qc4 Qd6 34. Qg4+ Kf7 35. Qh5+ Ke6 36. Qe8+ Re7 37. Qg8+ Rf7 38. Qc8+ Qd7 39. Qa6+ Kf5 40. Qe2 Kg6 41. Rd1 Qxh3 42. Rd8 h5 43. Qc2+ Kg7 44. Qc8 Qxc8 45. Rxc8 a5 46. Ra8 Bc3 47. Bb6 Rd7 48. Bxa5 Bd4 49. Rc8 Kg6 50. Kf1 Kf5 51. Ke2 Re7+ 52. Kf3 Ra7 53. b4 Be5 54. Rc5 Rd7 55. b5 Rd1 56. b6 Rd3+ 57. Ke2 Ra3 58. f4 Rxa2+ 59. Kd1 Ke4 60. fxe5 fxe5 61. Kc1 Ra3 62. Kb2 Rxg3 63. b7 Rg2+ 64. Kb3 Rg1 65. Bc3 1-0


[Site "Internet"]

[Event "Chessable Masters - Torneo preliminare"]
[White "Girya, Olga"]
[Black "Grischuk, Alexander"]
[WhiteFideId "4195752"]
[BlackFideId "4126025"]
[WhiteElo "2327"]
[BlackElo "2731"]
[Result "0-1"]
[Round "4"]
[TimeControl "600+2"]
[Date "2023.03.13"]
[WhiteClock "0:00:03"]
[BlackClock "0:03:57"]

1. d4 g6 2. c4 Bg7 3. Nc3 d6 4. Nf3 c5 5. d5 Bxc3+ 6. bxc3 e5 7. e4 Qe7 8. Bd3 f5 9. Qa4+ Kd8 10. Qc2 Kc7 11. g3 Nf6 12. Nd2 f4 13. gxf4 exf4 14. f3 Nbd7 15. h4 Ne5 16. Be2 Nh5 17. Nf1 Bd7 18. Bd2 h6 19. O-O-O Raf8 20. Be1 g5 21. hxg5 hxg5 22. Bf2 g4 23. fxg4 Bxg4 24. Bh4 Qd7 25. Bxg4 Qxg4 26. Qf2 Nf6 27. Nh2 Qxh4 0-1


[Site "Internet"]

[Event "Chessable Masters - Torneo preliminare"]
[White "Hong, Andrew"]
[Black "Bok, Benjamin"]
[WhiteFideId "2099438"]
[BlackFideId "1017063"]
[WhiteElo "2508"]
[BlackElo "2608"]
[Result "0-1"]
[Round "4"]
[TimeControl "600+2"]
[Date "2023.03.13"]
[WhiteClock "0:05:57"]
[BlackClock "0:00:31"]

1. e4 e5 2. Nf3 Nc6 3. Bb5 Nf6 4. d3 Bc5 5. Bxc6 dxc6 6. O-O Qe7 7. Nbd2 Bg4 8. Nc4 Nd7 9. a3 f6 10. h3 Bh5 11. b4 Bd6 12. Ne3 Nf8 13. Nf5 Qf7 14. Ng5 Bxd1 15. Nxf7 Kxf7 16. Rxd1 Ne6 17. c3 a5 18. Be3 Rhd8 19. Kf1 Bf8 20. Ke2 g6 21. Nh4 Ra6 22. Rdb1 b5 23. Nf3 Rda8 24. Bc1 axb4 25. cxb4 Ra4 26. Bb2 Nf4+ 27. Kd2 Nxg2 28. d4 Rd8 29. Kc2 exd4 30. Bxd4 c5 31. Bc3 Nf4 32. e5 Rd3 33. Nd2 Rxh3 34. bxc5 Nd5 35. Bb2 Bxc5 36. exf6 Bxf2 37. Rh1 Rxh1 38. Rxh1 Rh4 39. Rb1 Rf4 40. Be5 Rf5 41. Ba1 Nxf6 42. Rf1 Ng4 43. Kd3 Bc5 44. Rb1 Bxa3 45. Ne4 Nf2+ 46. Nxf2 Rxf2 47. Rxb5 Bd6 48. Ke3 Rf5 49. Rb8 Be5 50. Bb2 Bxb2 51. Rxb2 h5 52. Ke4 c5 53. Rb6 Kg7 54. Rc6 Kh6 55. Rc8 h4 56. Rh8+ Kg5 57. Rd8 Kg4 58. Rd1 Rf4+ 59. Ke3 g5 60. Rg1+ Kh5 61. Rc1 c4 62. Ra1 h3 63. Rg1 Kh4 64. Ke2 Rf8 65. Rc1 Rc8 66. Kd2 g4 67. Rh1 c3+ 68. Kc2 g3 69. Rg1 h2 70. Re1 g2 71. Re4+ Kg5 72. Re3 g1=Q 73. Rg3+ 0-1


[Site "Internet"]

[Event "Chessable Masters - Torneo preliminare"]
[White "Xu, Yinglun"]
[Black "Rustemov, Alexander"]
[WhiteFideId "8604940"]
[BlackFideId "4119002"]
[WhiteElo "2523"]
[BlackElo "2494"]
[Result "1-0"]
[Round "4"]
[TimeControl "600+2"]
[Date "2023.03.13"]
[WhiteClock "0:01:56"]
[BlackClock "0:01:23"]

1. c4 e6 2. Nc3 d5 3. d4 Be7 4. cxd5 exd5 5. Bf4 c6 6. e3 Bf5 7. Nge2 Nd7 8. h4 Bxh4 9. Qb3 b6 10. Nxd5 cxd5 11. Rxh4 Qxh4 12. Qxd5 Rc8 13. Qxf5 Ngf6 14. Nc3 O-O 15. Bg3 Qh1 16. O-O-O g6 17. Qf3 Qh6 18. Ba6 Rcd8 19. Bc7 Rc8 20. Bxc8 Rxc8 21. Bf4 Qf8 22. Kb1 Qb4 23. e4 b5 24. Be5 Rxc3 25. Qxc3 Qxc3 26. bxc3 Nxe4 27. Kc2 Nxf2 28. Rb1 a6 29. a4 f6 30. axb5 axb5 31. Bc7 Ng4 32. Kd3 Kf7 33. Rxb5 h5 34. c4 h4 35. c5 Nf2+ 36. Ke3 Nd1+ 37. Kd2 Nf2 38. c6 Nf8 39. d5 Ne4+ 40. Kd3 f5 41. Be5 g5 42. c7 Nd7 43. c8=Q Nxe5+ 44. Kd4 1-0


[Site "Internet"]

[Event "Chessable Masters - Torneo preliminare"]
[White "Tan, Zhongyi"]
[Black "Raja, Rithvik R"]
[WhiteFideId "8603642"]
[BlackFideId "35007394"]
[WhiteElo "2517"]
[BlackElo "2387"]
[Result "1-0"]
[Round "4"]
[TimeControl "600+2"]
[Date "2023.03.13"]
[WhiteClock "0:02:21"]
[BlackClock "0:01:35"]

1. d4 Nf6 2. c4 e6 3. Nc3 Bb4 4. e3 O-O 5. Bd3 b6 6. Nf3 Bb7 7. O-O Bxc3 8. bxc3 d6 9. Nd2 e5 10. e4 Re8 11. Re1 Nc6 12. Bb2 Na5 13. f3 Ba6 14. Qe2 c5 15. Nf1 Rc8 16. Ne3 Qd7 17. Rac1 Rc7 18. Rc2 Rec8 19. d5 Rb7 20. Bc1 Qa4 21. f4 exf4 22. Nf5 Ne8 23. e5 dxe5 24. Qxe5 Bxc4 25. Rce2 h6 26. Qxf4 Kf8 27. Re4 Nf6 28. Qg3 Nh5 29. Qg4 g6 30. Bxc4 Nf6 31. Qh4 1-0


[Site "Internet"]

[Event "Chessable Masters - Torneo preliminare"]
[White "Haub, Thorsten Michael"]
[Black "Svane, Rasmus"]
[WhiteFideId "4610776"]
[BlackFideId "4657101"]
[WhiteElo "2456"]
[BlackElo "2621"]
[Result "0-1"]
[Round "4"]
[TimeControl "600+2"]
[Date "2023.03.13"]
[WhiteClock "0:01:50"]
[BlackClock "0:04:47"]

1. Nf3 d5 2. g3 Nc6 3. a3 e5 4. d3 a5 5. b3 Nf6 6. Bb2 Bd6 7. Nfd2 Bg4 8. h3 Bc8 9. e4 Be6 10. Nc3 O-O 11. Bg2 dxe4 12. Ndxe4 Nxe4 13. dxe4 Bc5 14. Nd5 Qd7 15. Qd2 f6 16. f4 Rfd8 17. fxe5 Nxe5 18. O-O-O Bd6 19. Rhf1 Qf7 20. Qe3 a4 21. Nf4 axb3 22. Nxe6 bxc2 23. Rxd6 Rxd6 24. Nd4 Qc4 25. Qc3 Nd3+ 26. Kxc2 Nxb2 0-1


[Site "Internet"]

[Event "Chessable Masters - Torneo preliminare"]
[White "Mamedov, Rauf"]
[Black "Piorun, Kacper"]
[WhiteFideId "13401653"]
[BlackFideId "1130420"]
[WhiteElo "2632"]
[BlackElo "2491"]
[Result "1-0"]
[Round "4"]
[TimeControl "600+2"]
[Date "2023.03.13"]
[WhiteClock "0:07:16"]
[BlackClock "0:01:14"]

1. e4 e5 2. Nf3 Nc6 3. Bb5 g6 4. Nc3 Bg7 5. h4 h5 6. d3 Nge7 7. Ng5 f6 8. Nf3 d6 9. a3 Be6 10. d4 Bg4 11. d5 a6 12. Be2 Na7 13. Be3 c6 14. Nd2 Bxe2 15. Qxe2 cxd5 16. exd5 Qd7 17. Nc4 Nac8 18. a4 f5 19. f3 O-O 20. a5 Kh8 21. Bg5 Ng8 22. g4 Qf7 23. gxh5 gxh5 24. O-O-O Nf6 25. Kb1 Rb8 26. Be3 Nd7 27. Na4 Nf6 28. Qd3 Ne7 29. Nab6 Rbd8 30. Rhg1 e4 31. fxe4 fxe4 32. Qe2 Ng4 33. Bg5 Rfe8 34. Rdf1 Qg6 35. Ne3 Bd4 36. Nxg4 Bxg1 37. Rf6 1-0


[Site "Internet"]

[Event "Chessable Masters - Torneo preliminare"]
[White "Mekhitarian, Krikor Sevag"]
[Black "Iniyan, P"]
[WhiteFideId "2107660"]
[BlackFideId "25002767"]
[WhiteElo "2594"]
[BlackElo "2441"]
[Result "1/2-1/2"]
[Round "4"]
[TimeControl "600+2"]
[Date "2023.03.13"]
[WhiteClock "0:00:16"]
[BlackClock "0:01:29"]

1. Nf3 Nf6 2. c4 g6 3. Nc3 Bg7 4. e4 d6 5. d4 O-O 6. h3 e5 7. d5 Na6 8. Be3 Nh5 9. g3 f5 10. exf5 gxf5 11. Nh4 Nf4 12. gxf4 Qxh4 13. Rg1 Kh8 14. Qd2 Re8 15. O-O-O Bh6 16. fxe5 f4 17. Bd4 dxe5 18. Re1 Qh5 19. Rxe5 Rxe5 20. Qe1 Bg7 21. Rxg7 Rxe1+ 22. Kd2 Re5 23. Re7 Kg8 24. Rxe5 Qh4 25. Ne4 Bd7 26. Rh5 Qxh5 27. Nf6+ Kf7 28. Nxh5 f3 29. Bd3 h6 30. Nf4 Rg8 31. Be4 c5 32. Be3 b5 33. cxb5 Bxb5 34. Bxf3 Ke7 35. Ne6 Kd6 36. Bf4+ Ke7 37. Bxh6 Bd7 38. Bg5+ Kd6 39. Bf4+ Ke7 40. Nc7 Nxc7 41. d6+ Kf6 42. dxc7 Bxh3 43. Bd6 Ke6 44. Bxc5 Rc8 45. Bxa7 Rxc7 46. Be3 Bf5 47. Bd1 Rd7+ 48. Ke1 Rh7 49. a4 Kd5 50. a5 Bd3 51. Kd2 Bb5 52. Bf3+ Kc4 53. Bb6 Rd7+ 54. Ke3 Rd3+ 55. Kf4 Rd2 56. Be3 Rxb2 57. Be4 Ra2 58. Bb6 Kc3 59. f3 Kd2 60. Bd5 Ra1 61. Ke5 Re1+ 62. Kd4 Rc1 63. f4 Bd3 64. Bb7 Rc4+ 65. Ke5 Ra4 66. f5 Ra1 67. f6 Re1+ 68. Kd6 Rf1 69. Ke7 Re1+ 70. Kf8 Rf1 71. Bd4 Rf4 72. Be5 Rf5 73. Bd4 Rxa5 74. f7 Bc4 75. Be4 Bxf7 76. Kxf7 Ra4 77. Bg6 Rxd4 78. Kg7 Ke3 79. Bh7 Kf4 80. Bg8 Ke5 81. Kh8 Rd7 82. Bb3 Kf6 83. Bc4 Kg6 84. Bg8 Rc7 85. Bb3 Rc3 86. Ba2 Rc1 87. Bb3 Kf6 88. Ba2 Rc2 89. Bb3 Rb2 90. Bc4 Rd2 91. Bb3 Kg6 92. Bc4 Rd4 93. Bb3 Rb4 94. Ba2 Rb7 95. Bc4 Rh7+ 96. Kg8 Rd7 97. Kh8 Rd8+ 98. Bg8 Rd3 99. Bc4 Re3 100. Ba2 Rh3+ 101. Kg8 Ra3 102. Bb1+ Kf6 103. Bc2 Rc3 104. Bb1 Rc8+ 105. Kh7 Rc1 106. Bd3 Kf7 107. Kh8 Rc3 108. Bb1 Ra3 109. Bc2 Re3 110. Bb1 Re1 111. Bc2 Ra1 112. Bd3 Kf8 113. Bc2 Rh1+ 114. Bh7 Ke7 115. Kg7 Rg1+ 116. Kh8 Kf6 117. Bc2 Rh1+ 118. Kg8 Rc1 119. Bd3 Rc8+ 120. Kh7 Kf7 121. Bb1 Ra8 122. Bc2 Ra4 123. Bxa4 1/2-1/2


[Site "Internet"]

[Event "Chessable Masters - Torneo preliminare"]
[White "Guseinov, Gadir"]
[Black "Cuenca Jimenez, Jose Fernando"]
[WhiteFideId "13401378"]
[BlackFideId "2255570"]
[WhiteElo "2632"]
[BlackElo "2455"]
[Result "1-0"]
[Round "4"]
[TimeControl "600+2"]
[Date "2023.03.13"]
[WhiteClock "0:04:17"]
[BlackClock "0:00:04"]

1. e4 c5 2. Nc3 Nc6 3. Bb5 Nd4 4. Nf3 e6 5. O-O a6 6. Bd3 Nc6 7. a3 g6 8. b4 cxb4 9. axb4 Nxb4 10. e5 Nxd3 11. cxd3 d5 12. exd6 Bg7 13. Ba3 Nf6 14. Ne4 O-O 15. Rc1 Nd5 16. d7 Bxd7 17. Bxf8 Qxf8 18. d4 Bb5 19. Re1 Rd8 20. Qb3 Qb4 21. Qa2 Nf4 22. Nc5 Bxd4 23. Nxb7 Rb8 24. Rb1 Qe7 25. Nxd4 Qxb7 26. Nf3 Nh3+ 27. gxh3 Qxf3 28. Qb3 Qf5 29. Qg3 Rd8 30. Rbc1 Rd3 31. Re3 Rxd2 32. Rf3 Qd5 33. Rc8+ Kg7 34. Rxf7+ Kxf7 35. Qf4+ Qf5 36. Qxd2 Qe5 37. Qc1 Qe4 38. Rc7+ Kf6 39. Rc5 Qf3 40. Qg5+ 1-0


[Site "Internet"]

[Event "Chessable Masters - Torneo preliminare"]
[White "Sattarov, Bobir"]
[Black "Kaufman, Lawrence"]
[WhiteFideId "14203081"]
[BlackFideId "2000555"]
[WhiteElo "2333"]
[BlackElo "2227"]
[Result "1-0"]
[Round "4"]
[TimeControl "600+2"]
[Date "2023.03.13"]
[WhiteClock "0:05:40"]
[BlackClock "0:00:05"]

1. e4 e5 2. Nf3 Nf6 3. Nc3 Bb4 4. Nxe5 O-O 5. Nd3 Bxc3 6. dxc3 Nxe4 7. Be2 d6 8. O-O b6 9. f3 Nf6 10. b3 Bb7 11. c4 Nbd7 12. Bb2 Re8 13. Qd2 Qe7 14. Rae1 Qe3+ 15. Qxe3 Rxe3 16. Bd1 Rae8 17. Rxe3 Rxe3 18. Kf2 Re7 19. h4 h6 20. Be2 Nh7 21. Nf4 Ne5 22. Rd1 Nf6 23. Bf1 Ng6 24. Nxg6 fxg6 25. Bd3 Kf7 26. b4 Bc8 27. c5 dxc5 28. bxc5 Bf5 29. Bc4+ Be6 30. Bb3 bxc5 31. Ba3 Rd7 32. Bxe6+ Kxe6 33. Re1+ Kf7 34. Bxc5 a6 35. Re2 Nd5 36. Rd2 Nf6 37. Rxd7+ Nxd7 38. Bd4 c5 39. Bb2 Nf6 40. Ke3 Ke6 41. Kd3 Kd5 42. c4+ Kd6 43. g4 h5 44. g5 Ne8 45. Ke4 Ke6 46. Ba3 Kd6 47. f4 Nc7 48. f5 gxf5+ 49. Kxf5 Ne6 50. Kg6 Nf4+ 51. Kxg7 Ng2 52. Kh6 Nxh4 53. Kxh5 Nf5 54. g6 Ng7+ 55. Kh6 Ne6 56. g7 Nxg7 57. Kxg7 Kc6 58. Kf6 1-0


[Site "Internet"]

[Event "Chessable Masters - Torneo preliminare"]
[White "Jonkman, Harmen"]
[Black "Nigmatov, Ortik"]
[WhiteFideId "1002708"]
[BlackFideId "14202131"]
[WhiteElo "2351"]
[BlackElo "2344"]
[Result "0-1"]
[Round "4"]
[TimeControl "600+2"]
[Date "2023.03.13"]
[WhiteClock "0:01:20"]
[BlackClock "0:05:29"]

1. d4 Nf6 2. Nf3 e6 3. Bf4 c5 4. e3 Nc6 5. c3 d5 6. Nbd2 cxd4 7. exd4 Nh5 8. Bg5 f6 9. Be3 g6 10. g3 Ng7 11. Bh6 Nf5 12. Bxf8 Kxf8 13. Bg2 Kg7 14. O-O g5 15. Ne1 h5 16. Nd3 b6 17. Re1 Qd6 18. h3 Bd7 19. Nf1 Nce7 20. a4 a5 21. Ne3 Rac8 22. Qd2 Nxe3 23. Qxe3 Nf5 24. Qd2 Rc4 25. b3 Rc7 26. Rac1 Rhc8 27. Qa2 Rxc3 28. Rcd1 Rc2 29. Qb1 Nxg3 30. Nc5 Ne2+ 31. Kh1 R8xc5 32. dxc5 Qxc5 33. b4 axb4 34. Qb3 Qxf2 35. Rxe2 Rxe2 36. Rg1 Re1 37. Rxe1 Qxe1+ 38. Kh2 Qe5+ 39. Kh1 Qc3 40. Qd1 b3 0-1


[Site "Internet"]

[Event "Chessable Masters - Torneo preliminare"]
[White "Iskusnyh, Sergei"]
[Black "Volkov, Sergey"]
[WhiteFideId "4120027"]
[BlackFideId "4122763"]
[WhiteElo "2345"]
[BlackElo "2496"]
[Result "0-1"]
[Round "4"]
[TimeControl "600+2"]
[Date "2023.03.13"]
[WhiteClock "0:00:12"]
[BlackClock "0:02:00"]

1. d4 d5 2. c4 c6 3. Nf3 Nf6 4. e3 Bf5 5. Nc3 e6 6. Nh4 Bg6 7. Bd2 Bh5 8. Qb3 Qb6 9. c5 Qc7 10. h3 Nbd7 11. g4 Bg6 12. Nxg6 hxg6 13. Bg2 e5 14. O-O-O g5 15. Rhe1 Be7 16. e4 exd4 17. exd5 Nxc5 18. Qc4 dxc3 19. Qxc5 Kf8 20. Qxc3 Qh2 21. Rxe7 Qxg2 22. Rxb7 Rxh3 23. Qxc6 Kg8 24. Bxg5 Qxg4 25. Bxf6 Rc8 26. Bc3 Rxc6 27. dxc6 Qf4+ 28. Kb1 Qe4+ 29. Ka1 Qxc6 30. Rxa7 Qb6 31. Ra8+ Kh7 32. a4 Qxf2 33. a5 Qc2 34. Rdd8 Rh1+ 0-1


[Site "Internet"]

[Event "Chessable Masters - Torneo preliminare"]
[White "Le, Quang Liem"]
[Black "Abdusattorov, Nodirbek"]
[WhiteFideId "12401137"]
[BlackFideId "14204118"]
[WhiteElo "2661"]
[BlackElo "2714"]
[Result "1/2-1/2"]
[Round "5"]
[TimeControl "600+2"]
[Date "2023.03.13"]
[WhiteClock "0:03:07"]
[BlackClock "0:04:53"]

1. d4 d5 2. Nf3 Nf6 3. c4 dxc4 4. e3 e6 5. Bxc4 c5 6. O-O a6 7. b3 cxd4 8. Nxd4 Bd6 9. Bb2 O-O 10. Be2 Qe7 11. Nd2 e5 12. N4f3 Rd8 13. Qc2 Nc6 14. Rad1 Bg4 15. Nc4 Bc7 16. Ba3 Qe8 17. h3 Bh5 18. Nh4 Bxe2 19. Qxe2 b5 20. Nd6 Bxd6 21. Rxd6 Rxd6 22. Bxd6 Rd8 23. Ba3 e4 24. Nf5 Rd5 25. Ng3 h5 26. Rd1 Qd7 27. Rxd5 Qxd5 28. Bb2 h4 29. Bxf6 hxg3 30. Qg4 gxf2+ 31. Kxf2 Qd2+ 32. Kf1 Qd3+ 33. Kf2 Qd2+ 34. Kf1 Qd3+ 35. Kf2 Qd2+ 1/2-1/2


[Site "Internet"]

[Event "Chessable Masters - Torneo preliminare"]
[White "Artemiev, Vladislav"]
[Black "Aronian, Levon"]
[WhiteFideId "24101605"]
[BlackFideId "13300474"]
[WhiteElo "2735"]
[BlackElo "2720"]
[Result "1/2-1/2"]
[Round "5"]
[TimeControl "600+2"]
[Date "2023.03.13"]
[WhiteClock "0:00:14"]
[BlackClock "0:00:10"]

1. Nf3 d5 2. e3 Nf6 3. c4 e6 4. Nc3 Bd6 5. b3 O-O 6. Bb2 c5 7. Be2 Nc6 8. cxd5 exd5 9. d4 cxd4 10. Nxd4 Nxd4 11. Qxd4 Re8 12. Rd1 Be5 13. Qd2 Be6 14. Bf3 Rc8 15. Ne2 Bxb2 16. Qxb2 Qa5+ 17. Qd2 Qxd2+ 18. Rxd2 Ne4 19. Rb2 Ng5 20. Bh5 Bf5 21. O-O g6 22. Nd4 Bd3 23. Be2 Bxe2 24. Nxe2 Ne4 25. Rd1 Re5 26. Rd3 Kf8 27. f3 Nf6 28. Kf2 h5 29. h4 b6 30. Rbd2 Kg7 31. Rc3 Rce8 32. Nd4 R5e7 33. Rdd3 Rd7 34. Rc6 Ng8 35. Rdc3 Ne7 36. Rc7 Red8 37. Kg3 Kf6 38. Kf4 Kg7 39. Ke5 Ng8 40. Nb5 Ne7 41. Rxd7 Rxd7 42. Rc7 Rxc7 43. Nxc7 Nf5 44. Kf4 Nxh4 45. Kg3 Nf5+ 46. Kf4 d4 47. exd4 Nxd4 48. Ke4 Nc6 49. Nd5 h4 50. Kf4 f6 51. Kg4 g5 52. f4 Kg6 53. b4 b5 54. a3 a6 55. Nc7 Nd4 56. fxg5 fxg5 57. Nxa6 Nc2 58. Nc7 Nxa3 59. Ne6 Nc2 60. Nxg5 Nxb4 61. Kxh4 Nd3 62. Kg4 b4 63. Ne4 b3 64. Nd2 b2 65. Kf3 Nc5 66. Ke2 Kf5 67. Kd1 Ne4 68. Nb1 Kf4 69. Kc2 Kg3 70. Kxb2 Kxg2 1/2-1/2


[Site "Internet"]

[Event "Chessable Masters - Torneo preliminare"]
[White "Lazavik, Denis"]
[Black "Erigaisi, Arjun"]
[WhiteFideId "13515110"]
[BlackFideId "35009192"]
[WhiteElo "2488"]
[BlackElo "2685"]
[Result "1/2-1/2"]
[Round "5"]
[TimeControl "600+2"]
[Date "2023.03.13"]
[WhiteClock "0:00:11"]
[BlackClock "0:00:45"]

1. d4 d5 2. c4 c6 3. Nf3 Nf6 4. Qc2 dxc4 5. Qxc4 Bg4 6. Nc3 Nbd7 7. Bf4 Bxf3 8. gxf3 e6 9. e4 Nh5 10. Be3 Qc7 11. O-O-O Nb6 12. Qb3 Bd6 13. Kb1 Bf4 14. e5 O-O-O 15. Nb5 Qb8 16. Rc1 Nd5 17. Bxf4 Nhxf4 18. Qa3 a6 19. Nd6+ Rxd6 20. exd6 Kd7 21. Qb3 b5 22. Bd3 f5 23. Rc5 Qxd6 24. Rhc1 Ne7 25. Bf1 Rd8 26. Qa3 Ke8 27. Qxa6 Qxd4 28. Rxc6 Nxc6 29. Qxc6+ Kf8 30. Bxb5 Qxf2 31. Qc5+ Qxc5 32. Rxc5 Rd5 33. Rxd5 Nxd5 34. Kc2 Ke7 35. a3 g5 36. Kd3 h5 37. Bc4 Kd6 38. b4 e5 39. Kd2 g4 40. Be2 e4 41. fxe4 fxe4 42. b5 Nb6 43. Bd1 Nc4+ 44. Kc3 Nxa3 45. b6 Kc6 46. Ba4+ Kxb6 47. Kd4 Nb1 48. Be8 h4 49. Kxe4 Kc5 50. Kf4 g3 51. hxg3 hxg3 52. Kxg3 1/2-1/2


[Site "Internet"]

[Event "Chessable Masters - Torneo preliminare"]
[White "Fedoseev, Vladimir"]
[Black "Gukesh, D"]
[WhiteFideId "24130737"]
[BlackFideId "46616543"]
[WhiteElo "2752"]
[BlackElo "2629"]
[Result "1-0"]
[Round "5"]
[TimeControl "600+2"]
[Date "2023.03.13"]
[WhiteClock "0:00:16"]
[BlackClock "0:00:04"]

1. e4 c5 2. Nf3 Nc6 3. Bb5 e6 4. Bxc6 bxc6 5. d3 Ne7 6. Nbd2 d6 7. e5 d5 8. c4 Ng6 9. O-O Be7 10. Re1 O-O 11. b3 f5 12. Qc2 a5 13. cxd5 cxd5 14. Ba3 Ba6 15. Bxc5 Rc8 16. d4 Nf4 17. b4 axb4 18. Qa4 Bd3 19. Bxb4 Be4 20. Bxe7 Qxe7 21. Re3 Rc7 22. Qa3 Qxa3 23. Rxa3 Rc2 24. Rd1 Rb8 25. h4 Rbb2 26. Ng5 Kf8 27. Ndxe4 fxe4 28. g3 Nd3 29. Rf1 Ke8 30. Ra8+ Kd7 31. Ra7+ Kc8 32. Ra8+ Kb7 33. Ra3 Kc6 34. Nh3 Rxa2 35. Rxa2 Rxa2 36. Ng5 Kd7 37. Nxh7 Ra4 38. Rb1 Rxd4 39. Rb7+ Kc6 40. Rxg7 Nxe5 41. Ng5 Rd1+ 42. Kg2 Rd2 43. Kf1 Nd3 44. Rf7 Ne5 45. Rf6 Ng4 46. Rf4 Nh6 47. Nxe6 Kd6 48. Ng5 Ke5 49. Rf8 Ng4 50. h5 Rd1+ 51. Kg2 e3 52. Nf3+ Kd6 53. fxe3 Nxe3+ 54. Kh2 Ng4+ 55. Kh3 Nf2+ 56. Kg2 Ng4 57. h6 Nxh6 58. Rf6+ Ke7 59. Rxh6 d4 60. Rh4 1-0


[Site "Internet"]

[Event "Chessable Masters - Torneo preliminare"]
[White "Praggnanandhaa, R"]
[Black "Yakubboev, Nodirbek"]
[WhiteFideId "25059530"]
[BlackFideId "14203987"]
[WhiteElo "2587"]
[BlackElo "2577"]
[Result "1/2-1/2"]
[Round "5"]
[TimeControl "600+2"]
[Date "2023.03.13"]
[WhiteClock "0:00:32"]
[BlackClock "0:00:21"]

1. Nf3 Nf6 2. b3 d5 3. Bb2 Bf5 4. g3 h6 5. Bg2 e6 6. O-O Be7 7. d3 O-O 8. Nbd2 Bh7 9. c4 a5 10. a3 c6 11. Rc1 Nbd7 12. Rc2 Bd6 13. Qa1 Qe7 14. cxd5 exd5 15. Re1 Nc5 16. Bxf6 Qxf6 17. Qxf6 gxf6 18. b4 Ne6 19. Rb1 axb4 20. axb4 Ra4 21. Rcb2 Rd8 22. Bh3 f5 23. Kf1 f4 24. Ke1 Re8 25. Kf1 Kf8 26. Rb3 Rea8 27. Bg2 Ra1 28. b5 Nc5 29. Rxa1 Rxa1+ 30. Rb1 Rxb1+ 31. Nxb1 Nxd3 32. bxc6 bxc6 33. Nc3 Nb4 34. Bh3 Ke7 35. Bg2 Kd7 36. gxf4 Bxf4 37. e3 Bc7 38. Bh3+ Kd6 39. Nd4 Bd3+ 40. Kg2 Ke5 41. f4+ Kd6 42. Nf5+ Kc5 43. Nxh6 d4 44. exd4+ Kxd4 45. Nd1 Bxf4 46. Nxf7 Be4+ 47. Kg1 Nd3 48. Nd8 Bf3 49. Bg2 Bxd1 50. Ne6+ Ke3 51. Nxf4 Nxf4 52. Bxc6 Bg4 53. h4 Bh3 54. Kh2 Kf2 55. h5 Bf5 56. h6 Nd3 57. Bd7 Bh7 58. Kh3 Kf3 59. Kh4 Kf4 60. Ba4 Ne5 61. Bb3 Bf5 62. Bd1 Ng6+ 63. Kh5 Nf8 64. Kh4 Be6 65. Bh5 Bf5 66. Bd1 Be4 67. Bh5 Nh7 68. Bd1 Bf5 69. Be2 Nf6 70. Bd1 Ng8 71. Kh5 Nf6+ 72. Kh4 Ne8 73. Kh5 Nd6 74. Kh4 Nc4 75. Kh5 Ne3 76. Be2 Ng2 77. Bd1 Ne3 78. Be2 Nd5 79. Bd1 Nc3 80. Bb3 Ne2 81. Bd1 Ng3+ 82. Kh4 Bg6 83. Bg4 Ne4 84. Bd1 Nf2 85. Bh5 Bf5 86. Be2 Ne4 87. Bd3 Nf6 88. Bxf5 Kxf5 89. h7 Nxh7 1/2-1/2


[Site "Internet"]

[Event "Chessable Masters - Torneo preliminare"]
[White "Alonso Rosell, Alvar"]
[Black "Martinez Alcantara, Jose Eduardo"]
[WhiteFideId "2270544"]
[BlackFideId "3805662"]
[WhiteElo "2473"]
[BlackElo "2643"]
[Result "1-0"]
[Round "5"]
[TimeControl "600+2"]
[Date "2023.03.13"]
[WhiteClock "0:00:26"]
[BlackClock "0:05:01"]

1. d4 Nf6 2. c4 e6 3. Nf3 Bb4+ 4. Nbd2 O-O 5. a3 Be7 6. e4 d6 7. Be2 Nfd7 8. b4 e5 9. d5 a5 10. Bb2 axb4 11. axb4 Rxa1 12. Qxa1 c5 13. dxc6 bxc6 14. O-O Re8 15. Rd1 Qc7 16. c5 dxc5 17. Nxe5 Bf8 18. Nxf7 Kxf7 19. Bc4+ Kg6 20. Nf3 Qf4 21. Qa2 Rxe4 22. Bd3 Nf6 23. Ne5+ Kh6 24. Bxe4 Qxe4 25. Qf7 Kg5 26. Qxf8 Qc2 27. Qxg7+ Kf5 28. Re1 h5 29. Nf3 Nbd7 30. Nh4+ Kf4 31. g3# 1-0


[Site "Internet"]

[Event "Chessable Masters - Torneo preliminare"]
[White "Nguyen, Ngoc Truong Son"]
[Black "Michalik, Peter"]
[WhiteFideId "12401110"]
[BlackFideId "14907526"]
[WhiteElo "2585"]
[BlackElo "2526"]
[Result "1/2-1/2"]
[Round "5"]
[TimeControl "600+2"]
[Date "2023.03.13"]
[WhiteClock "0:00:49"]
[BlackClock "0:03:12"]

1. d4 Nf6 2. c4 e6 3. Nc3 Bb4 4. e3 O-O 5. Bd2 d5 6. Nf3 c5 7. a3 Bxc3 8. Bxc3 Ne4 9. Rc1 Nxc3 10. Rxc3 cxd4 11. Nxd4 dxc4 12. Bxc4 Bd7 13. O-O Nc6 14. Nf3 Qe7 15. Qc2 Rfd8 16. h3 Rac8 17. Rc1 Be8 18. Bd3 h6 19. Bh7+ Kh8 20. Be4 Qf6 21. Qb3 Rc7 22. Qc4 Rdc8 23. Qc5 Kg8 24. Qd6 Rd7 25. Qg3 Rdd8 26. Kh2 Bd7 27. b4 a6 28. Qd6 Be8 29. Qf4 Qe7 30. Ne5 Na7 31. Rxc8 Nxc8 32. Nc4 Bb5 1/2-1/2


[Site "Internet"]

[Event "Chessable Masters - Torneo preliminare"]
[White "Meier, Georg"]
[Black "Giri, Anish"]
[WhiteFideId "4675789"]
[BlackFideId "24116068"]
[WhiteElo "2624"]
[BlackElo "2714"]
[Result "1/2-1/2"]
[Round "5"]
[TimeControl "600+2"]
[Date "2023.03.13"]
[WhiteClock "0:09:56"]
[BlackClock "0:06:36"]

1. Nf3 d5 2. g3 Nf6 3. Bg2 e6 4. O-O Be7 5. c4 O-O 6. d4 dxc4 7. Qc2 a6 8. Qxc4 b5 9. Qc2 Bb7 10. Bg5 Nbd7 11. Bxf6 Nxf6 12. Nbd2 Rc8 13. Nb3 c5 14. dxc5 Ne4 15. Rfd1 Qc7 16. c6 Qxc6 17. Qxc6 Bxc6 18. Ne5 Bd5 19. Nd7 Rfe8 20. Nb6 Rc2 21. Nxd5 exd5 22. Rxd5 Bf6 1/2-1/2


[Site "Internet"]